 Dungeon Crawl Stone Soup version 0.17.0-56-gd8de76c (webtiles) character file.

23673 ventricule the Spear-Bearer (level 13, -7/101 HPs)
             Began as a Formicid Wanderer on Dec 5, 2015.
             Was a Priest of Ashenzari.
             Mangled by a harpy (11 damage)
             ... summoned by Kirke
             ... on level 14 of the Dungeon.
             The game lasted 00:45:24 (18484 turns).

ventricule the Spear-Bearer (Formicid Wanderer)    Turns: 18484, Time: 00:45:24

Health: -7/101     AC:  0    Str: 21    XL:     13   Next: 37%
Magic:  18/18      EV: 20    Int: 11    God:    Ashenzari [***...]
Gold:   508        SH:  0    Dex: 12    Spells: 0 memorised, 12 levels left

rFire  . . .     SeeInvis +     (weapon currently unavailable)
rCold  . . .     Clarity  .     (armour currently unavailable)
rNeg   . . .     SustAt   .     (shield currently unavailable)
rPois  .         Gourm    .     (helmet unavailable)
rElec  .         Spirit   .     (cloak currently unavailable)
rCorr  .         Warding  .     (gloves currently unavailable)
rMut   .         Stasis   +     (boots currently unavailable)
MR     +....                    (no amulet)
Stlth  ++........               (ring currently unavailable)
                                (ring currently unavailable)

@: pig-form, very quick, somewhat resistant to hostile enchantments, unstealthy
A: permanent stasis, dig shafts and tunnels, four strong arms, (antennae 0),
(hooves 0), (poison resistance), screaming 1, (electricity resistance)
a: Dig, Shaft Self, Scrying, Renounce Religion


You were on level 14 of the Dungeon.
You worshipped Ashenzari.
Ashenzari was most pleased with you.
You were not hungry.
You were a filthy swine.
You visited 2 branches of the dungeon, and saw 16 of its levels.

You collected 704 gold pieces.
You spent 196 gold pieces at shops.


Innate Abilities, Weirdness & Mutations

You are under a permanent stasis effect.
You can dig through walls and to a lower floor.
Your four strong arms can wield two-handed weapons with a shield.
((You have a pair of large antennae on your head (SInv).))
((You have large cloven feet.))
((Your system is resistant to poisons.))
You occasionally shout uncontrollably at your foes.
((You are resistant to electric shocks.))


   Skills:
 + Level 9.4 Fighting
   Level 1.0 Long Blades
 - Level 12.8(15.3) Polearms
 - Level 10.1(11.9) Armour
 - Level 9.5(11.3) Dodging
 - Level 2.4 Stealth
 - Level 4.4 Shields
 - Level 7.0(9.0) Evocations


You had 12 spell levels left.
You didn't know any spells.

Inventory:

Hand Weapons
 a - a +3 spear
 e - a +0 dagger
 m - a +0 trident
 C - a +0 glaive
 U - a cursed +2 trident of piercing (melded)
Missiles
 P - a throwing net {=f}
Armour
 d - a +0 robe
 g - a +0 ring mail
 j - a +0 scale mail
 u - a +0 chain mail
 A - a cursed +1 cloak (melded)
 B - a cursed +2 pair of gloves (melded)
 F - a cursed +4 scale mail (melded)
 V - a +2 buckler of cold resistance (melded)
Magical Staves
 M - an uncursed staff of cold
 T - an uncursed staff of conjuration {!a}
Jewellery
 l - a cursed ring of magical power (melded)
 r - a cursed ring of positive energy (melded)
 w - a -4 ring of intelligence
Wands
 t - a wand of heal wounds (3) {!d@v2}
 G - a wand of fire (2)
 H - a wand of disintegration (9)
 I - a wand of cold (5)
 L - a wand of confusion (19)
 O - a wand of magic darts (36)
Scrolls
 p - 2 scrolls of fog
 s - 2 scrolls of enchant weapon
 v - 2 scrolls of magic mapping
 y - a scroll of immolation {!r}
 z - 4 scrolls of curse weapon
 E - 4 scrolls of amnesia
 K - 2 scrolls of remove curse
 Q - 2 scrolls of identify {@r1}
Potions
 b - 5 potions of curing {@q1}
 c - 3 potions of lignification {!q}
 i - 6 potions of flight
 k - 5 potions of poison {!q}
 n - 4 potions of brilliance
 x - a potion of resistance
 D - 3 potions of haste {@q3}
 N - a potion of magic
 R - a potion of degeneration {unknown}
 S - a potion of might {unknown}
Books
 o - a book of Flames

   Spells                             Type                      Level
   a - Flame Tongue                   Conjuration/Fire             1
   b - Throw Flame                    Conjuration/Fire             2
   c - Conjure Flame                  Conjuration/Fire             3
   d - Inner Flame                    Hexes/Fire                   3
   e - Sticky Flame                   Conjuration/Fire             4
   f - Fireball                       Conjuration/Fire             5
 q - a book of Conjurations

   Spells                             Type                      Level
   a - Magic Dart                     Conjuration                  1
   b - Searing Ray                    Conjuration                  2
   c - Dazzling Spray                 Conjuration/Hexes            3
   d - Fulminant Prism                Conjuration/Hexes            4
   e - Iskenderun's Mystic Blast      Conjuration                  4
   f - Iskenderun's Battlesphere      Conjuration/Charms           5
Comestibles
 f - 8 bread rations
 h - 4 meat rations
 J - 11 royal jellies

Dungeon Overview and Level Annotations

Branches:
Dungeon (15/15)            Temple (1/1) D:5            Lair (0/8) D:10
    Orc (0/4) D:9
 Vaults: D:13-14     Depths: D:15

Altars:
Ashenzari
Cheibriados
Dithmenos
Elyvilon
Fedhas
Kikubaaqudgha
Makhleb
Nemelex Xobeh
Okawaru
Qazlal
Ru
Sif Muna
Trog
Vehumet
Xom
Yredelemnul
Zin
The Shining One

Shops:
D:10 }

Annotations:
D:14 Kirke

▒▒▒▒▒▒▒▒▒▒▒▒▒
▒▒{▒{▒{▒.▒.▒h▒
▒▒{▒{▒{▒{▒.▒H▒▒
▒▒{▒▒▒▒▒▒▒▒▒▒▒▒
▒▒@▒▒ ▒▒.▒▒
▒H▒▒░ F▒▒{ ▒(▒,
▒▒....▒ ░


You could see a harpy.


Message History

Drink which item? (? for menu, Esc to quit)
Okay, then.
Evoke which item? (* to show all) (? for menu, Esc to quit)
You have no means to grasp a wand firmly enough.
You dig through the rock wall.
You dig through the rock wall.
The harpy barely misses you. The harpy misses you.
You dig through the rock wall.
The harpy claws you.
* * * LOW HITPOINT WARNING * * *
The harpy barely misses you.
You dig through the rock wall.
You dig through the rock wall.
The harpy misses you. The harpy claws you.
* * * LOW HITPOINT WARNING * * *
You dig through the rock wall.
The harpy claws you!
* * * LOW HITPOINT WARNING * * *
The harpy barely misses you.
Drink which item? (? for menu, Esc to quit)
You feel better.
You dig through the rock wall.
You dig through the rock wall.
The harpy closely misses you. The harpy barely misses you.
You dig through the rock wall.
The harpy closely misses you. The harpy claws you!
* * * LOW HITPOINT WARNING * * *
You dig through the rock wall.
The harpy completely misses you. The harpy closely misses you.
You dig through the rock wall.
The harpy claws you!
* * * LOW HITPOINT WARNING * * *
The harpy claws you!
You die...

Action                   |  1- 3 |  4- 6 |  7- 9 | 10-12 | 13-15 || total
-------------------------+-------+-------+-------+-------+-------++-------
Melee: Spear             |    97 |   293 |   516 |  1869 |   131 ||  2906
       Trident           |       |       |       |       |   170 ||   170
       Unarmed           |       |       |       |       |    10 ||    10
 Abil: Dig               |       |       |     2 |     6 |     7 ||    15
       Shaft Self        |       |       |       |       |     2 ||     2
Evoke: Wand              |       |       |       |    12 |     1 ||    13
  Use: Scroll            |       |    13 |    11 |     7 |     2 ||    33
       Potion            |       |     2 |     3 |     1 |     3 ||     9
 Stab: Confused          |       |       |       |     6 |       ||     6
  Eat: Chunk             |     1 |     7 |     6 |    31 |     5 ||    50
       Meat ration       |       |       |     1 |     1 |     2 ||     4
       Royal jelly       |       |       |       |     1 |       ||     1
       Pizza             |       |       |       |     1 |       ||     1

Vault maps used:
D:1:      matt_arrival_diagonals, kennysheep_pointless_box
D:2:      first_bread
D:3:      grunt_temple_overflow_open
D:4:      overflow_temple_1_default, nicolae_tso_besieged_by_evil
D:5:      nicolae_dithmenos_shadow_blocks,
          minmay_temple_entry_statues_fountains, feat_on_display,
          uniq_blork_the_orc
D:6:      nicolae_overflow_hidden_temple, serial_glass, glass_columns_b,
          glass_columns_a, glass_columns_a, glass_columns_b, glass_columns_c,
          glass_columns_a, glass_columns_a, glass_columns_a
D:7:      uniq_joseph, uniq_pikel, uniq_crazy_yiuf_cottage
D:8:      serial_ice, serial_ice_j, serial_ice_d, serial_ice_o, serial_ice_h,
          hangedman_pestilent_swarm, lemuel_another_geyser, uniq_grum
D:9:      orc_0_dummy, uniq_psyche
D:10:     erik_lair_dragon, serial_shops, shop, minmay_hedge_maze
D:11:     nemelex_xobeh_ov_fountains_minmay, uniq_gastronok
D:12:     columned_hall_lemuel
D:13:     david_vaults_5, serial_shops, shop
D:14:     hangedman_abyss_or_decor_stabs, uniq_kirke
D:15:     grunt_enter_depths_hoard
Temple:   nicolae_temple_hex_pool_5

Notes
Turn   | Place    | Note
--------------------------------------------------------------
     0 | D:1      | ventricule the Formicid Wanderer began the quest for the Orb.
     0 | D:1      | ventricule set off with: a +2 spear, a potion of curing {@q1}, a potion of lignification {!q}, a +0 robe, a +0 dagger, a bread ration
     0 | D:1      | Reached XP level 1. HP: 20/20 MP: 1/1
   232 | D:1      | Reached XP level 2. HP: 20/26 MP: 2/2
   452 | D:1      | Reached skill level 3 in Polearms
   572 | D:1      | Reached XP level 3. HP: 31/31 MP: 3/3
  1169 | D:2      | Identified a wand of heal wounds
  1191 | D:2      | Reached skill level 4 in Polearms
  1191 | D:2      | Reached XP level 4. HP: 34/38 MP: 4/4
  1435 | D:2      | Gained mutation: You are resistant to electric shocks. [potion of mutation]
  1435 | D:2      | Gained mutation: Your system is resistant to poisons. [potion of mutation]
  1435 | D:2      | Gained mutation: You have large cloven feet. [potion of mutation]
  1436 | D:2      | Gained mutation: You occasionally shout uncontrollably at your foes. [potion of mutation]
  1436 | D:2      | Gained mutation: Scrolls take you a little longer to read. [potion of mutation]
  1631 | D:3      | Found a white marble altar of Elyvilon.
  1631 | D:3      | Found a bloodstained altar of Trog.
  1634 | D:3      | Found a stormy altar of Qazlal.
  1634 | D:3      | Found a blossoming altar of Fedhas.
  1636 | D:3      | Found a radiant altar of Vehumet.
  1636 | D:3      | Found a basalt altar of Yredelemnul.
  1742 | D:3      | Reached XP level 5. HP: 37/43 MP: 5/5
  1751 | D:3      | Reached skill level 5 in Polearms
  2522 | D:4      | Reached XP level 6. HP: 26/49 MP: 6/6
  2779 | D:4      | Found a glowing golden altar of the Shining One.
  2822 | D:4      | Reached skill level 6 in Polearms
  3116 | D:4      | Found a burning altar of Makhleb.
  3278 | D:4      | Reached XP level 7. HP: 35/55 MP: 7/7
  3456 | D:5      | Entered Level 5 of the Dungeon
  3466 | D:5      | Found a staircase to the Ecumenical Temple.
  3487 | Temple   | Entered the Ecumenical Temple
  3571 | Temple   | Became a worshipper of Ashenzari the Shackled
  3790 | D:4      | Reached skill level 7 in Polearms
  3923 | D:5      | Found a shadowy altar of Dithmenos.
  4062 | D:5      | Identified a potion of resistance
  4199 | D:5      | Reached skill level 8 in Polearms
  4259 | D:5      | Noticed Blork the orc
  4272 | D:5      | Killed Blork the orc
  4449 | D:5      | Reached XP level 8. HP: 59/61 MP: 8/8
  4640 | D:5      | Reached skill level 9 in Polearms
  4970 | D:6      | HP: 4/91 [orc warrior/dire flail (8)]
  4982 | D:6      | Reached skill level 10 in Polearms
  5326 | D:6      | Reached XP level 9. HP: 66/66 MP: 9/9
  5435 | D:6      | Found a shimmering altar of Xom.
  5438 | D:6      | Found a sacrificial altar of Ru.
  5439 | D:6      | Found an ancient bone altar of Kikubaaqudgha.
  5829 | D:7      | Reached skill level 11 in Polearms
  6010 | D:7      | Reached * piety under Ashenzari
  6278 | D:7      | Gained mutation: Your spells are a little harder to cast, but a little more powerful. [potion of mutation]
  6278 | D:7      | Lost mutation: Scrolls take you a little longer to read. [potion of mutation]
  6278 | D:7      | Lost mutation: Your spells are a little harder to cast, but a little more powerful. [potion of mutation]
  6360 | D:7      | Noticed Pikel
  6385 | D:7      | Killed Pikel
  6385 | D:7      | Reached skill level 12 in Polearms
  6630 | D:7      | Reached skill level 1 in Armour
  6808 | D:7      | Reached skill level 5 in Fighting
  6808 | D:7      | Reached skill level 2 in Armour
  6926 | D:7      | Noticed Joseph
  6955 | D:7      | Killed Joseph
  6955 | D:7      | Reached skill level 3 in Armour
  6955 | D:7      | Reached XP level 10. HP: 76/76 MP: 10/10
  7129 | D:7      | Noticed Crazy Yiuf
  7141 | D:7      | Killed Crazy Yiuf
  7207 | D:7      | Reached skill level 6 in Fighting
  7214 | D:7      | Reached skill level 4 in Armour
  7455 | D:8      | Reached skill level 5 in Armour
  7514 | D:8      | Reached skill level 7 in Fighting
  7546 | D:7      | HP: 3/79 [wight/great sword (13)]
  7834 | D:8      | Reached skill level 6 in Armour
  7874 | D:8      | Reached skill level 1 in Dodging
  7875 | D:8      | Reached skill level 2 in Dodging
  7982 | D:8      | Reached skill level 3 in Dodging
  8463 | D:8      | Reached skill level 4 in Dodging
  8493 | D:8      | Noticed Grum
  8795 | D:8      | Killed Grum
  8795 | D:8      | Reached skill level 5 in Dodging
  8830 | D:8      | Reached XP level 11. HP: 72/84 MP: 11/11
  8958 | D:8      | Reached skill level 6 in Dodging
  9611 | D:9      | Noticed Psyche
  9634 | D:8      | Killed Psyche
  9634 | D:8      | Reached skill level 7 in Dodging
 10330 | D:9      | Reached skill level 8 in Dodging
 10343 | D:9      | Reached ** piety under Ashenzari
 10808 | D:9      | Noticed a hill giant
 10905 | D:10     | Entered Level 10 of the Dungeon
 10964 | D:10     | Reached skill level 2 in Evocations
 11003 | D:10     | Found Riffymay's Gadget Shoppe.
 11013 | D:10     | Reached skill level 3 in Evocations
 11041 | D:10     | HP: 6/84 [yak (4)]
 11282 | D:10     | Reached skill level 4 in Evocations
 11379 | D:10     | Bought a wand of disintegration (10) for 196 gold pieces
 11577 | D:10     | Reached skill level 7 in Armour
 11929 | D:10     | Reached skill level 5 in Evocations
 12267 | D:9      | Reached XP level 12. HP: 41/91 MP: 16/16
 12534 | D:9      | Killed a hill giant
 12534 | D:9      | Reached skill level 8 in Armour
 12568 | D:9      | Found a staircase to the Orcish Mines.
 12786 | D:10     | Found a staircase to the Lair.
 12899 | D:10     | Reached skill level 6 in Evocations
 13258 | D:11     | Found a sparkling altar of Nemelex Xobeh.
 13753 | D:11     | Reached skill level 7 in Evocations
 14083 | D:11     | Noticed Gastronok
 14112 | D:11     | Reached skill level 9 in Armour
 14182 | D:11     | HP: 5/91 [Gastronok/the air (28)]
 14193 | D:11     | Killed Gastronok
 14599 | D:11     | Reached skill level 9 in Dodging
 15226 | D:12     | Noticed a four-headed hydra
 15254 | D:12     | Identified a +0 steam dragon armour
 15348 | D:12     | Reached skill level 8 in Fighting
 15384 | D:12     | HP: 7/92 [troll (10)]
 15891 | D:12     | Killed a four-headed hydra
 16082 | D:12     | Reached skill level 10 in Armour
 16082 | D:12     | Reached XP level 13. HP: 97/99 MP: 18/18
 16859 | D:12     | Reached skill level 2 in Shields
 17159 | D:12     | Reached *** piety under Ashenzari
 17169 | D:12     | Reached skill level 3 in Shields
 17329 | D:12     | Reached skill level 4 in Shields
 17817 | D:13     | Noticed a salamander stormcaller
 17832 | D:13     | You fall through a shaft!
 17832 | D:14     | Noticed Kirke
 17835 | D:14     | You fall through a shaft!
 17835 | D:15     | Entered Level 15 of the Dungeon
 18201 | D:14     | Reached skill level 9 in Fighting
 18484 | D:14     | HP: 4/101 [harpy[Kirke] (17)]
 18484 | D:14     | Mangled by a harpy

Vanquished Creatures
  Gastronok (D:11)
  A hydra (D:12)
  An unseen horror (D:12)
  4 hill giants
  Pikel (D:7)
  A manticore (D:12)
  2 cyclopes
  A centaur zombie (D:11)
  2 ugly things (D:12)
  Joseph (D:7)
  Psyche (D:8)
  2 centaur skeletons
  A komodo dragon (D:9)
  6 trolls
  A polar bear (D:8)
  3 two-headed ogres
  A shadow (D:11)
  16 yaks
  2 deep elf magi (D:10)
  A basilisk (D:12)
  A steam dragon (D:11)
  6 hippogriffs
  3 hogs (D:14)
  Grum (D:8)
  3 hungry ghosts
  2 mottled dragons
  3 wolves (D:8)
  2 water moccasins
  A sky beast (D:6)
  2 soldier ants (D:8)
  4 ice beasts
  A spider (D:8)
  2 black bears
  5 orc warriors
  An eye of draining (D:12)
  6 ogres
  2 slaves (D:7)
  2 crocodiles
  A swamp drake (D:10)
  4 phantoms
  9 centaurs
  Blork the orc (D:5)
  11 giant frogs
  6 scorpions
  A water moccasin skeleton (D:8)
  7 wights
  An electric eel (D:8)
  10 killer bees
  7 crimson imps
  2 quasits
  10 orc wizards
  4 giant frog zombies
  3 jellies
  Crazy Yiuf (D:7)
  9 hounds
  5 orc priests
  7 iguanas
  11 worker ants
  A centaur simulacrum (D:8)
  A hound zombie (D:9)
  A hound skeleton (D:10)
  2 worker ant zombies (D:8)
  10 adders
  3 gnolls (D:3)
  2 shadow imps
  5 white imps (D:8)
  2 ufetubi (D:8)
  2 oozes
  4 adder skeletons
  2 worms (D:4)
  5 giant geckos
  60 orcs
  A ball python (D:3)
  4 giant cockroaches
  8 goblins
  5 hobgoblins
  6 kobolds
  A ball python skeleton (D:4)
  8 bats
  A giant gecko simulacrum (D:8)
  3 giant newts
  A goblin zombie (D:4)
  4 hobgoblin zombies (D:4)
  23 jackals
  2 jackal skeletons
  2 kobold skeletons
  A kobold zombie (D:4)
  2 orc skeletons (D:4)
  2 orc zombies (D:4)
  2 quokkas
  8 rats
  A bush (D:10)
  A fungus (D:7)
392 creatures vanquished.

Vanquished Creatures (others)
  A slave (D:7)
  A giant frog (D:8)
  An adder zombie (D:7)
  A fire vortex (D:13)
4 creatures vanquished.

Grand Total: 396 creatures vanquished
